 Dungeon Crawl Stone Soup version 0.31-a0-1395-g7c67ea8c80 (webtiles) character file.

Game seed: 3614471218186205097

11355 Ge0ff the Slicer (level 11, -4/81 HPs)
             Began as a Vampire Earth Elementalist on Dec 25, 2023.
             Was an Elder of Ashenzari.
             Slain by a yak (16 damage)
             ... on level 1 of the Lair of Beasts.
             The game lasted 00:34:13 (16942 turns).

Ge0ff the Slicer (Vampire Earth Elementalist)      Turns: 16942, Time: 00:34:14

Health: -4/81      AC:  4    Str: 10    XL:     11   Next: 48%
Magic:  11/32      EV: 10    Int: 21    God:    Ashenzari [****..]
Gold:   872        SH:  9    Dex: 16    Spells: 12/27 levels left

rFire   . . .        a - +6 dagger of the Cursed Omission {flame, Str+3 SInv, Dev, Self} (curse)
rCold   . . .        h - +0 kite shield of Ashenzari's Malaise {Self, Dev} (curse)
rNeg    . . .        i - +0 leather armour of the Enigmatic Cosmos {Range, Sorc} (curse)
rPois   .            (no helmet)
rElec   .            (no cloak)
rCorr   .            (no gloves)
SInv    +            s - +0 pair of boots "Eternal Shame" {Melee, Self} (curse)
Will    ++...        x - amulet of the Gnostic Omen {Acrobat, Melee, Cun} (curse)
Stlth   +++++        D - ring of Ashenzari's Jealousy {MP+9, Sorc, Fort} (curse)
HPRegen 0.53/turn    Q - ring of the Clairvoyant Sphere {Will+, Comp, Dev} (curse)
MPRegen 0.23/turn

%: acrobat, clarity
@: healing quickly, studying Short Blades
A: alive, fangs 3, see invisible, vampiric 2
a: Exsanguinate, Renounce Religion, Shatter the Chains


You were on level 1 of the Lair of Beasts.
You worshipped Ashenzari.
Ashenzari was greatly pleased with you.
You visited 3 branches of the dungeon, and saw 13 of its levels.
You also visited: Ossuary.

You collected 872 gold pieces.

Inventory:

Hand Weapons
 a - the cursed +6 dagger of the Cursed Omission (weapon) {flame, Str+3 SInv, Dev, Self}
   (You found it on level 5 of the Dungeon)

   Str+3:     It affects your strength (+3).
   SInv:      It lets you see invisible.
   It has a curse which improves the following skills: Devices: Evocations and
   Shapeshifting.
   Introspection: Fighting and Spellcasting.
 b - a +2 short sword of electrocution
 k - the +9 halberd "Acarineslayer" {freeze, rN+ Dex+4 Stlth+}
   (You found it on level 7 of the Dungeon)

   Dex+4:     It affects your dexterity (+4).
   rN+:       It protects you from negative energy.
   Stlth+:    It makes you more stealthy.
 t - a +0 rapier
 G - a +2 dagger of speed
 K - a +1 dagger of flaming
 Y - a +0 short sword of electrocution
 Z - a +0 dagger of electrocution
Missiles
 g - 4 throwing nets {=F}
 r - 10 poisoned darts
 v - 6 curare-tipped darts {=F}
 w - 5 boomerangs
Armour
 e - a +2 scale mail of willpower
 h - the cursed +0 kite shield of Ashenzari's Malaise (worn) {Self, Dev}
   (You took it off a gnoll sergeant on level 10 of the Dungeon)

   It has a curse which improves the following skills: Introspection: Fighting
   and Spellcasting.
   Devices:   Evocations and Shapeshifting.
 i - the cursed +0 leather armour of the Enigmatic Cosmos (worn) {Range, Sorc}
   (You took it off an orc on level 9 of the Dungeon)

   It has a curse which improves the following skills: Ranged Combat: Ranged
   Weapons and Throwing.
   Sorcery:   Conjurations and Alchemy.
 j - a +4 chain mail of fire resistance
 s - the cursed +0 pair of boots "Eternal Shame" (worn) {Melee, Self}
   (You found it on level 7 of the Dungeon)

   It has a curse which improves the following skills: Melee Combat: Short
   Blades, Long Blades, Axes, Maces & Flails, Polearms, Staves and Unarmed
   Combat.
   Introspection: Fighting and Spellcasting.
Jewellery
 c - a +6 ring of strength
 x - the cursed amulet of the Gnostic Omen (around neck) {Acrobat, Melee, Cun}
   (You took it off a wight on level 7 of the Dungeon)

   [amulet of the acrobat]

   Acrobat:   It increases your evasion while moving and waiting.
   It has a curse which improves the following skills: Melee Combat: Short
   Blades, Long Blades, Axes, Maces & Flails, Polearms, Staves and Unarmed
   Combat.
   Cunning:   Dodging and Stealth.
 D - the cursed ring of Ashenzari's Jealousy (left hand) {MP+9, Sorc, Fort}
   (You found it on level 5 of the Dungeon)

   [ring of magical power]

   MP+9:      It affects your magic capacity (+9).
   It has a curse which improves the following skills: Sorcery: Conjurations and
   Alchemy.
   Fortitude: Armour and Shields.
 H - an amulet of guardian spirit
 Q - the cursed ring of the Clairvoyant Sphere (right hand) {Will+, Comp, Dev}
   (You found it on level 5 of the Dungeon)

   [ring of willpower]

   Will+:     It increases your willpower.
   It has a curse which improves the following skills: Companions: Summonings
   and Necromancy.
   Devices:   Evocations and Shapeshifting.
 U - a ring of ice
Talismans
 l - the blade talisman "Edys" {Str+3 Int+3 Dex+3 Stlth-}
   (You found it on level 8 of the Dungeon)

   [blade talisman]

   Str+3:     It affects your strength (+3).
   Int+3:     It affects your intelligence (+3).
   Dex+3:     It affects your dexterity (+3).
   Stlth-:    It makes you less stealthy.
Wands
 d - a wand of digging (11)
 f - a wand of flame (35)
 p - a wand of paralysis (16)
 P - a wand of polymorph (8)
Scrolls
 m - a scroll of revelation
 u - 3 scrolls of enchant armour
 y - 3 scrolls of immolation
 B - a scroll of blinking
 C - a scroll of poison
 E - 2 scrolls of fear
 F - 2 scrolls of fog
 J - 2 scrolls of enchant weapon
 O - 4 scrolls of amnesia
 S - a scroll of brand weapon
 T - 3 scrolls of teleportation
 V - 3 scrolls of vulnerability
Potions
 o - 4 potions of ambrosia
 q - 8 potions of curing
 z - 5 potions of brilliance
 A - 3 potions of attraction
 I - a potion of invisibility
 L - 3 potions of lignification
 M - 2 potions of might
 N - 3 potions of cancellation {!q}
 R - 2 potions of resistance
 W - 2 potions of heal wounds {!q}
 X - 2 potions of enlightenment
Miscellaneous
 n - a phial of floods


   Skills:
 + Level 3.1(6.1) Fighting
 - Level 11.6(14.3) Short Blades
 + Level 1.3(2.5) Armour
 + Level 2.4(3.9) Dodging
 - Level 10.0(11.8) Stealth
 + Level 1.6(2.9) Shields
 + Level 5.2(8.7) Spellcasting
 - Level 7.2(10.0) Conjurations
 - Level 7.0 Earth Magic
 * Level 7.5(10.3) Alchemy
 - Level 2.6(5.4) Evocations


You had 12 spell levels left.
You knew the following spells:

 Your Spells              Type           Power      Damage    Failure   Level
k - Sandblast             Erth           76%        2d16      2%          1
m - Stone Arrow           Conj/Erth      88%        3d12      4%          3
w - Passwall              Alch/Erth      37%        N/A       1%          2
C - Petrify               Alch/Erth      45%        N/A       13%         4
E - Irradiate             Conj/Alch      25%        3d20      21%         5

Your spell library contained the following spells:

 Spells                   Type           Power      Damage    Failure   Level
 Shock                    Conj/Air       100%       1d9       6%          1
 Brom's Barrelling Bould  Conj/Erth      44%        2d6       14%         4
 Alistair's Intoxication  Alch           34%        N/A       19%         5
 Necrotise                Necr           40%        1d6       38%         1
 Apportation              Tloc           18%        N/A       41%         1
 Sublimation of Blood     Necr           10%        N/A       54%         2
 Ensorcelled Hibernation  Hex/Ice        18%        N/A       56%         2
 Jinxbite                 Hex            18%        N/A       56%         2
 Call Canine Familiar     Summ           10%        N/A       77%         3
 Vampiric Draining        Necr           10%        2d6       77%         3
 Sigil of Binding         Hex            9%         N/A       80%         3
 Swiftness                Air            9%         N/A       80%         3
 Airstrike                Air            4%         2d(1-17)  99%         4
 Dimensional Bullseye     Hex/Tloc       4%         N/A       99%         4
 Agony                    Necr           10%        N/A       100%        5


Dungeon Overview and Level Annotations

Branches:
Dungeon (11/15) Zot: 25860  Temple (1/1) D:5 Zot: 5966    Lair (1/5) D:9 Zot: 5964
    Orc (0/2) D:11        Ossuary (visited)

Altars:
Ashenzari
Cheibriados
Dithmenos
Fedhas
Gozag
Hepliaklqana
Kikubaaqudgha
Makhleb
Nemelex Xobeh
Okawaru
Qazlal
Ru
Sif Muna
Trog
Uskayaw
Vehumet
Wu Jian
Xom
Yredelemnul
Lugonu

Shops:
D:7 (   D:11 (


Innate Abilities, Weirdness & Mutations

Your natural rate of healing is accelerated.
You have razor-sharp teeth.
You have supernaturally acute eyesight. (SInv)
You are afflicted with vampirism and can become a bat while bloodless.


Message History

The yak is lightly wounded.
The yak gores you.
The stone arrow hits the yak!!
The yak is severely wounded.
The yak barely misses you.
The stone arrow hits the yak.
The yak is severely wounded.
The yak gores you!
You hit the yak. You burn the yak.
The yak is almost dead.
You are too injured to fight recklessly!
You are too injured to fight recklessly!
You are too injured to fight recklessly!
You are too injured to fight recklessly!
You hit the yak. You burn the yak.
You kill the yak!
You hit the yak. You burn the yak. You bite the yak.
The yak is moderately wounded.
The yak closely misses you.
You hit the yak. You burn the yak. Your bite misses the yak.
The yak is heavily wounded.
You hit the yak but do no damage.
The yak is heavily wounded.
The yak barely misses you.
You closely miss the yak.
The yak is heavily wounded.
You block the yak's attack.
You hit the yak. You burn the yak.
The yak is heavily wounded.
The yak gores you!
You hit the yak but do no damage.
The yak is heavily wounded.
You hit the yak. You burn the yak.
The yak is severely wounded.
The yak gores you!
You barely miss the yak. You bite the yak.
The yak is severely wounded.
The yak closely misses you.
You hit the yak. You burn the yak.
You kill the yak!
Training target 10.0 for Conjurations reached!
You hit the yak but do no damage. You hit the yak but do no damage.
You bite the yak.
The yak is lightly wounded.
The yak gores you!
* * * LOW HITPOINT WARNING * * *
You closely miss the yak.
The yak is lightly wounded.
The yak gores you!
You die...

,,,,?...........#.#,
,,,,...............,
,,,,...............,
,,,,...............,
,,,,,*,**#.<.......,
,,,,,*** ##S.......,
,.,,,* #........,
,....######........,
,.......@YY........,
*##########.##.####*
###*##


You could see 2 yaks.

Vanquished Creatures
  Harold (D:9)
  A cyclops (D:11)
  A black mamba (Lair:1)
  Joseph (D:8)
  A komodo dragon (D:9)
  A kobold demonologist (D:6)
  2 trolls
  2 hornets (D:9)
  Prince Ribbit (D:9)
  13 yaks
  A fire bat (D:8)
  2 wyverns
  2 steam dragons (D:7)
  Grum (D:9)
  2 vampire mosquitoes (D:11)
  11 orc warriors
  A sky beast (D:8)
  A black bear (D:7)
  4 wolves
  4 ogres
  4 centaurs
  2 kobold brigands
  A gnoll sergeant (D:10)
  6 bullfrogs
  3 scorpions
  4 wights (D:7)
  8 killer bees
  5 howler monkeys
  2 bombardier beetles
  3 quasits (D:8)
  A hound (D:5)
  A jelly (D:6)
  9 orc priests
  4 gnoll boudas
  5 iguanas
  Jessica (D:2)
  Ijyb (D:3)
  7 orc wizards
  A sleepcap (D:6)
  Natasha (thrice) (D:2)
  8 mummies (Ossuary)
  22 gnolls
  7 adders
  A white imp (D:7)
  4 ufetubi
  2 worms
  A dart slug (D:1)
  38 orcs
  8 ball pythons
  3 endoplasms
  6 giant cockroaches
  A gnoll zombie (Ossuary)
  2 goblins (D:2)
  7 hobgoblins
  A jackal (D:1)
  3 quokkas
  8 bats
  5 frilled lizards
  2 hobgoblin zombies (Ossuary)
  12 kobolds
  3 kobold zombies (Ossuary)
  2 orc zombies (Ossuary)
  3 rats
273 creatures vanquished.

Notes
Turn   | Place    | Note
-------+----------+-------------------------------------------
     0 | D:1      | Ge0ff the Vampire Earth Elementalist began the quest for
                  | the Orb.
     0 | D:1      | Reached XP level 1. HP: 13/13 MP: 3/3
   289 | D:1      | Reached XP level 2. HP: 20/20 MP: 3/5
   313 | D:1      | Learned a level 2 spell: Passwall
   344 | D:1      | Reached skill level 1 in Fighting
  1299 | D:1      | Gained mutation: You are afflicted with vampirism and can
                  | become a bat while bloodless. [Vampire growth]
  1299 | D:1      | Reached XP level 3. HP: 26/26 MP: 3/6
  2067 | D:2      | Learned a level 3 spell: Stone Arrow
  2322 | D:2      | Noticed Jessica
  2332 | D:2      | Killed Jessica
  2445 | D:2      | Reached XP level 4. HP: 32/32 MP: 5/7
  2833 | D:2      | Noticed Natasha
  2837 | D:2      | Killed Natasha
  2838 | D:2      | Reached skill level 1 in Conjurations
  3045 | D:2      | Noticed Natasha
  3052 | D:2      | Killed Natasha
  3140 | D:2      | Noticed Natasha
  3147 | D:2      | Killed Natasha
  3148 | D:2      | Reached XP level 5. HP: 32/37 MP: 2/9
  3571 | D:3      | Learned a level 4 spell: Petrify
  3652 | D:3      | Noticed Ijyb
  3654 | D:3      | Noticed Sigmund
  3666 | D:3      | Sigmund changed into Sigmund the wolf
  3666 | D:3      | Noticed Sigmund
  3673 | D:3      | Killed Sigmund the wolf
  3674 | D:3      | Reached skill level 1 in Short Blades
  3674 | D:3      | Reached skill level 5 in Earth Magic
  3674 | D:3      | Reached XP level 6. HP: 7/43 MP: 4/10
  4414 | D:3      | Found a sacrificial altar of Ru.
  4580 | D:3      | HP: 1/43 [gnoll bouda/+0 whip (11)]
  5259 | D:4      | Reached XP level 7. HP: 38/48 MP: 6/11
  5584 | D:4      | Reached skill level 2 in Short Blades
  6040 | D:5      | Entered Level 5 of the Dungeon
  6076 | D:5      | Found a staircase to the Ecumenical Temple.
  6155 | Temple   | Entered the Ecumenical Temple
  6173 | Temple   | Became a worshipper of Ashenzari the Shackled
  6296 | D:5      | Identified the +6 dagger of Dowdy Defiance {flame, Str+3
                  | SInv}
  6547 | D:5      | Found an opulent altar of Gozag.
  6908 | D:6      | Reached skill level 3 in Short Blades
  6908 | D:6      | Reached skill level 5 in Stealth
  7034 | D:6      | Found a stormy altar of Qazlal.
  7036 | D:6      | Noticed a fire elemental
  7037 | D:6      | Noticed a water elemental
  7037 | D:6      | Noticed an air elemental
  7053 | D:6      | Found a sand-covered staircase.
  7058 | Ossuary  | Entered an ossuary
  7343 | Ossuary  | Reached XP level 8. HP: 56/56 MP: 12/12
  7714 | D:6      | Reached * piety under Ashenzari
  8062 | D:6      | Reached skill level 4 in Short Blades
  8130 | D:6      | Noticed a kobold demonologist
  8135 | D:6      | Killed a kobold demonologist
  8136 | D:6      | Reached skill level 5 in Alchemy
  8717 | D:3      | Killed Ijyb
  8726 | D:3      | Found a bloodstained altar of Trog.
  8869 | D:7      | Reached XP level 9. HP: 52/61 MP: 10/13
  8892 | D:7      | Reached skill level 5 in Short Blades
  9085 | D:7      | Reached ** piety under Ashenzari
  9154 | D:7      | Reached skill level 1 in Evocations
  9378 | D:7      | Found a radiant altar of Vehumet.
  9524 | D:7      | Identified the +9 halberd "Acarineslayer" {freeze, rN+
                  | Dex+4 Stlth+}
  9592 | D:7      | Found a sparkling altar of Nemelex Xobeh.
  9860 | D:7      | Found an ornate altar of the Wu Jian Council.
  9929 | D:7      | Reached skill level 6 in Short Blades
 10070 | D:7      | Found Sinorgh's Antique Weapon Shop.
 10924 | D:8      | Reached skill level 5 in Conjurations
 10930 | D:8      | Reached skill level 7 in Short Blades
 11113 | D:8      | Noticed a troll
 11125 | D:8      | Killed a troll
 11456 | D:8      | Found a shadowy altar of Dithmenos.
 11576 | D:8      | Noticed Joseph
 11587 | D:8      | Killed Joseph
 11588 | D:8      | Reached skill level 8 in Short Blades
 11588 | D:8      | Reached XP level 10. HP: 70/70 MP: 15/17
 11853 | D:8      | Identified the blade talisman "Edys" {Str+3 Int+3 Dex+3
                  | Stlth-}
 11972 | D:8      | Found a shimmering altar of Xom.
 12300 | D:9      | Noticed Harold
 12301 | D:9      | Found a basalt altar of Yredelemnul.
 12304 | D:9      | Reached *** piety under Ashenzari
 12316 | D:9      | Killed Harold
 12341 | D:9      | Reached skill level 9 in Short Blades
 12352 | D:9      | Reached skill level 1 in Armour
 12485 | D:9      | Noticed Prince Ribbit
 12491 | D:9      | Killed Prince Ribbit
 12927 | D:9      | Found a staircase to the Lair.
 12932 | D:9      | Reached skill level 10 in Stealth
 13116 | D:9      | Found a hazy altar of Hepliaklqana.
 13123 | D:9      | Reached skill level 10 in Short Blades
 13125 | D:9      | Found a shimmering blue altar of Sif Muna.
 13247 | D:9      | Noticed Grum
 13257 | D:9      | Killed Grum
 13765 | D:9      | Reached **** piety under Ashenzari
 14081 | D:10     | Entered Level 10 of the Dungeon
 14229 | D:10     | Reached skill level 11 in Short Blades
 14229 | D:10     | Reached XP level 11. HP: 56/77 MP: 14/21
 14554 | D:10     | Found a blossoming altar of Fedhas.
 15119 | D:10     | Found a burning altar of Makhleb.
 15279 | D:10     | Learned a level 5 spell: Irradiate
 15305 | D:10     | Found a faded altar of an unknown god.
 15763 | D:11     | Reached skill level 5 in Spellcasting
 15772 | D:11     | Reached skill level 1 in Shields
 16196 | D:11     | Found a staircase to the Orcish Mines.
 16508 | D:11     | Found Cenlan's Antique Weapon Shoppe.
 16901 | Lair:1   | Entered Level 1 of the Lair of Beasts
 16942 | Lair:1   | Slain by a yak

Illustrated notes

Levels and vault maps discovered:
D:1:      lightli_arrival_windingriver, layout_loops_ring, minmay_heptomino_l4
D:2:      layout_basic, minmay_shallow_snake_nest, uniq_natasha, uniq_jessica
D:3:      minmay_door_path, layout_loops_cross, mainiacjoe_overflow_alcove_1,
          trog_butcher_becter, kennysheep_generic_room_9, uniq_ijyb,
          uniq_sigmund
D:4:      layout_basic, mainiacjoe_overflow_24_doors, corner_web_ring
D:5:      layout_loops_ring, general_overflow_altar, minmay_temple_entry_statues
D:6:      layout_cave_pods, nicolae_qazlal_style_of_elements, enter_ossuary_5,
          minmay_manual_maat
D:7:      layout_basic, nicolae_wu_jian_wuxing_cycle, mainiacjoe_overflow_paths,
          mainiacjoe_overflow_chevrons, serial_shops,
          nicolae_shop_competitors_out_of_business
D:8:      cheibrodos_quashed, layout_rooms, nicolae_dithmenos_the_darkroom,
          regret_index_xom_of_box, uniq_joseph
D:9:      layout_roguey, grunt_temple_overflow_open,
          mainiacjoe_overflow_small_starburst, david_lair_shrubbed, uniq_harold,
          uniq_prince_ribbit1, uniq_grum
D:10:     layout_irregular_city, mainiacjoe_overflow_boulevard, bloody_makhleb,
          fedhas_bush_and_centaur_altar, serial_column_ruins,
          column_ruins_circle_small, column_ruins_temple_hall,
          column_ruins_grid_3, column_ruins_columns_straight,
          column_ruins_open_tiny, column_ruins_open_tiny, column_ruins_grid_3,
          grunt_ministairs_3, minivault_5
D:11:     layout_roguey, orc_0_dummy, serial_shops, shop, palyth_stone_intersect
Temple:   corrupted_temple
Lair:1:   dreamdust_labyrinth, layout_small_grid, st_stairs_11,
          lemuel_fruit_fields, grunt_megastairs_5

Skill      XL: |  1  2  3  4  5  6  7  8  9 10 11 |
---------------+----------------------------------+-----
Fighting       | 1 2 3 |  3.1
Earth Magic    | 4 5 7 |  7.0
Conjurations   | 1 2 3 4 5 6 7 |  7.2
Spellcasting   | 3 4 5 |  5.2
Short Blades   | 1 3 4 8 11 | 11.6
Alchemy        | 2 3 5 6 7 |  7.5
Stealth        | 5 8 10 | 10.0
Evocations     | 1 2 |  2.6
Armour         | 1 |  1.3
Shields        | 1 |  1.6
Dodging        | |  2.4

Action                     |  1- 3 |  4- 6 |  7- 9 | 10-12 || total
---------------------------+-------+-------+-------+-------++-------
  Melee: Short sword       |     1 |       |       |       ||     1
         Dagger            |       |     9 |    64 |    62 ||   135
         Bite              |       |       |     2 |     9 ||    11
  Throw: Stone             |       |       |    12 |       ||    12
         Dart              |       |       |       |     2 ||     2
   Cast: Sandblast         |    52 |    61 |   102 |    10 ||   225
         Stone Arrow       |       |       |    84 |   102 ||   186
         Passwall          |       |       |     3 |     3 ||     6
         Petrify           |       |       |    17 |    42 ||    59
 Invoke: Curse Item        |       |       |     4 |     4 ||     8
         Shatter the Chain |       |       |       |     1 ||     1
  Evoke: Wand              |       |     1 |       |     1 ||     2
    Use: Potion            |     1 |       |     1 |       ||     2
         Scroll            |       |     2 |     7 |       ||     9
   Stab: Sleeping          |       |     6 |     6 |     3 ||    15
         Petrified         |       |       |    13 |    21 ||    34
 Armour: Robe              |     6 |    23 |    52 |    21 ||   102
         Leather armour    |       |       |       |    39 ||    39
  Dodge: Dodged            |     7 |    23 |    54 |    63 ||   147
  Block: Kite shield       |       |       |       |     4 ||     4

Table legend: (Time is in decaauts)
 A = Elapsed time spent in this place.
 B = Non-inter-level travel time spent in this place.
 C = Inter-level travel time spent in this place.
 D = Time resting spent in this place.
 E = Time spent auto-exploring this place.
 F = Levels seen in this place.
 G = Mean time per level.
                   A        B        C        D        E       F      G
               +--------+--------+--------+--------+--------+-----+--------+
         Total |  17027 |  16297 |    730 |   2699 |  11284 |  14 | 1216.2 |
       Dungeon |  16367 |  15650 |    717 |   2368 |  11205 |  11 | 1487.9 |
        Temple |     33 |     20 |     13 |      0 |      0 |   1 |   33.0 |
          Lair |     34 |     34 |      0 |      0 |      0 |   1 |   34.0 |
       Ossuary |    592 |    592 |      0 |    331 |     79 |   1 |  592.0 |
               +--------+--------+--------+--------+--------+-----+--------+

Top non-repeatable levels by time:
     D:1: 1986 daAuts
     D:9: 1964 daAuts
     D:8: 1949 daAuts
    D:10: 1614 daAuts
     D:2: 1569 daAuts
     D:4: 1420 daAuts
     D:7: 1364 daAuts
     D:3: 1348 daAuts
     D:6: 1234 daAuts
    D:11: 1071 daAuts
     D:5: 843 daAuts
 Ossuary: 592 daAuts
  Lair:1: 34 daAuts
  Temple: 33 daAuts
